 Dungeon Crawl Stone Soup version 0.17.0-28-g6e173f8 (webtiles) character file.

1877 GeneralIdiocy the Cruncher (level 8, -6/87 HPs)
             Began as a Demonspawn Necromancer on Dec 2, 2015.
             Mangled by an ogre
             ... wielding a +0 giant club
              (10 damage)
             ... on level 7 of the Dungeon.
             The game lasted 00:12:17 (7404 turns).

GeneralIdiocy the Cruncher (Demonspawn Necromancer) Turns: 7404, Time: 00:12:17

Health: -6/87      AC: 24    Str: 10    XL:     8   Next: 91%
Magic:  11/11      EV:  2    Int: 17    God:
Gold:   359        SH:  0    Dex: 14    Spells: 3 memorised, 3 levels left

rFire  . . .     SeeInvis .     m - +0 lajatang
rCold  . . .     Clarity  .     (armour currently unavailable)
rNeg   + + +     SustAt   .     (shield currently unavailable)
rPois  +         Gourm    .     (helmet currently unavailable)
rElec  .         Spirit   .     (cloak currently unavailable)
rCorr  .         Warding  .     (gloves currently unavailable)
rMut   .         NoTele   +     (boots currently unavailable)
MR     .....                    (no amulet)
Stlth  ++........               (no ring)
                                (no ring)

@: tree-form, not resistant to hostile enchantments, unstealthy
A: (horns 0), (iridescent scales 0), demonic guardian 1
a: no special abilities


You were on level 7 of the Dungeon.
You were not hungry.
You were a tree.
You visited 2 branches of the dungeon, and saw 8 of its levels.

You collected 359 gold pieces.

Inventory:

Hand Weapons
 m - a +0 lajatang (weapon)
Armour
 i - a +0 leather armour (melded)
 q - a +0 pair of gloves (melded)
Wands
 f - a wand of teleportation (3)
 l - a wand of paralysis (13)
 t - a wand of frost (20)
Scrolls
 a - a scroll of noise {unknown}
 d - 3 scrolls of enchant weapon {unknown}
 e - a scroll of immolation {unknown}
 h - 3 scrolls of random uselessness {unknown}
 r - a scroll of magic mapping {unknown}
 s - 3 scrolls of amnesia {unknown}
 u - 5 scrolls of remove curse {unknown}
 w - 2 scrolls of recharging {unknown}
 y - a scroll of teleportation {unknown}
 D - 3 scrolls of identify
 G - a scroll of brand weapon {unknown}
Potions
 j - 2 potions of flight
 k - 4 potions of heal wounds {unknown}
 o - a potion of cancellation
 p - a potion of resistance {unknown}
 v - a potion of brilliance {unknown}
 x - a potion of magic {unknown}
 z - 2 potions of agility {unknown}
 A - 3 potions of curing
 B - 2 potions of haste {unknown}
 C - 3 potions of poison {unknown}
Books
 b - a book of Necromancy

   Spells                             Type                      Level
   a - Pain                           Necromancy                   1
   b - Animate Skeleton               Necromancy                   1
   c - Vampiric Draining              Necromancy                   3
   d - Regeneration                   Charms/Necromancy            3
   e - Animate Dead                   Necromancy                   4
   f - Control Undead                 Necromancy                   4
Comestibles
 c - 10 bread rations
 g - 6 meat rations
 n - a royal jelly
 F - a fruit


   Skills:
 - Level 3.5 Fighting
 * Level 8.0 Staves
 - Level 1.7 Dodging
 - Level 1.7 Stealth
   Level 3.2 Shields
 - Level 2.0 Spellcasting
 - Level 7.1 Necromancy
 + Level 0.4 Evocations


You had 3 spell levels left.
You knew the following spells:

 Your Spells              Type           Power        Failure   Level  Hunger
a - Pain                  Necr           ####         1%          1    #......
b - Vampiric Draining     Necr           ####......   3%          3    ###....
c - Animate Dead          Necr           N/A          12%         4    #####..


Dungeon Overview and Level Annotations

Branches:
Dungeon (7/15)             Temple (1/1) D:4

Altars:
Cheibriados
Dithmenos
Elyvilon
Fedhas
Gozag
Kikubaaqudgha
Nemelex Xobeh
Ru
Sif Muna
Trog
Xom
Yredelemnul
Zin
The Shining One

Shops:
D:7 *


Innate Abilities, Weirdness & Mutations

((You have a pair of horns on your head.))
((You are partially covered in iridescent scales (AC +4).))
A weak demonic guardian rushes to your aid.


Message History

The ogre hits you with a giant club!
You hit the ogre but do no damage.
The ogre is lightly wounded.
The ogre completely misses you.
You swap places.
The ogre closely misses your white imp.
Your white imp gestures at the ogre.
The puff of frost hits the ogre.
Your white imp gestures at the ogre.
The puff of frost hits the ogre.
Your white imp disappears in a puff of smoke!
You barely miss the ogre.
The ogre is severely wounded.
The ogre hits you with a giant club!!
* * * LOW HITPOINT WARNING * * *
Drink which item? (? for menu, Esc to quit)
You turn into a tree.
Your +0 pair of gloves melds into your body.
Your +0 leather armour melds into your body.
Your roots penetrate the ground.
The ogre hits you with a giant club!
You die...

######### ##### #.......#
#...########.# #.........##.#
###########..#...≈..##.#####.###
..............O♣................
#......####....∩...#....####.###
#....(. ##.......#....####+###
#...... #.§...≈.#............
#...... #.......###.###......
#...... ##.###### #.# #......
####/.. #.# #.# #...).. .... #.#
#.# #...... #. #.# #......


You could see an ogre.

Vanquished Creatures
  Grinder (D:3)
  A phantom (D:5)
  2 ogres
  A centaur (D:6)
  A scorpion (D:6)
  A water moccasin skeleton (D:4)
  2 crimson imps
  5 hounds
  4 jellies
  4 orc priests
  7 orc wizards
  2 centaur skeletons
  A giant frog skeleton (D:6)
  Natasha (D:2)
  2 worker ants
  A hound skeleton (D:4)
  3 gnolls (D:2)
  12 adders
  A shadow imp (D:5)
  An ooze (D:3)
  An adder zombie (D:5)
  5 worms
  2 giant geckos
  24 orcs
  A ball python (D:5)
  5 giant cockroaches
  7 hobgoblins
  2 kobolds
  3 quokkas
  A sheep (D:4)
  5 bats
  7 giant newts
  7 goblins
  7 rats
130 creatures vanquished.

Vanquished Creatures (collateral kills)
  A basilisk (D:7)
  A giant frog (D:6)
  2 orc priests
  A hound (D:5)
  An orc (D:6)
  A giant newt (D:5)
7 creatures vanquished.

Grand Total: 137 creatures vanquished

Notes
Turn   | Place    | Note
--------------------------------------------------------------
     0 | D:1      | GeneralIdiocy the Demonspawn Necromancer began the quest for the Orb.
     0 | D:1      | Reached XP level 1. HP: 13/13 MP: 3/3
   310 | D:1      | Gained mutation: You have a pair of small horns on your head. [demonic ancestry]
   310 | D:1      | Reached XP level 2. HP: 2/20 MP: 0/5
   801 | D:1      | Reached skill level 1 in Fighting
  1241 | D:2      | Reached skill level 5 in Necromancy
  1268 | D:2      | Reached XP level 3. HP: 24/26 MP: 3/6
  1925 | D:2      | Reached XP level 4. HP: 25/33 MP: 0/7
  2447 | D:3      | Noticed Grinder
  2484 | D:3      | Paralysed by Grinder for 6 turns
  2524 | D:3      | Paralysed by Grinder for 3 turns
  2540 | D:3      | Killed Grinder
  2540 | D:3      | Reached skill level 6 in Necromancy
  2540 | D:3      | Gained mutation: You have a pair of horns on your head. [demonic ancestry]
  2540 | D:3      | Reached XP level 5. HP: 38/40 MP: 8/8
  2540 | D:3      | Gained mutation: You are partially covered in iridescent scales (AC +4). [demonic ancestry]
  2540 | D:3      | Reached XP level 6. HP: 43/46 MP: 9/9
  3928 | D:3      | Learned a level 3 spell: Vampiric Draining
  3933 | D:3      | Learned a level 4 spell: Animate Dead
  3938 | D:3      | Noticed Natasha
  3953 | D:2      | Killed Natasha
  4071 | D:3      | Reached skill level 7 in Necromancy
  4178 | D:3      | Gained mutation: A weak demonic guardian rushes to your aid. [demonic ancestry]
  4178 | D:3      | Reached XP level 7. HP: 45/52 MP: 10/10
  4311 | D:4      | Reached skill level 1 in Staves
  4525 | D:4      | Found a shadowy altar of Dithmenos.
  4710 | D:4      | Found a sparkling altar of Nemelex Xobeh.
  4766 | D:4      | Found a staircase to the Ecumenical Temple.
  4783 | Temple   | Entered the Ecumenical Temple
  5045 | D:4      | Found a shimmering altar of Xom.
  5171 | D:5      | Entered Level 5 of the Dungeon
  5419 | D:5      | Reached XP level 8. HP: 55/58 MP: 11/11
  5465 | D:5      | Reached skill level 5 in Staves
  5579 | D:5      | Found a sacrificial altar of Ru.
  5997 | D:5      | Found a bloodstained altar of Trog.
  6532 | D:6      | Found a glowing silver altar of Zin.
  6560 | D:6      | Found a deep blue altar of Sif Muna.
  6753 | D:6      | Found a glowing golden altar of the Shining One.
  6755 | D:6      | Found a snail-covered altar of Cheibriados.
  6954 | D:6      | Found a blossoming altar of Fedhas.
  7221 | D:7      | Reached skill level 8 in Staves
  7366 | D:7      | Found Zuipah's Elemental Accessories.
  7398 | D:7      | HP: 2/58 [ogre/giant club (27)]
  7404 | D:7      | Mangled by an ogre

Action                   |  1- 3 |  4- 6 |  7- 9 || total
-------------------------+-------+-------+-------++-------
Melee: Mace              |    46 |    80 |       ||   126
       Flail             |       |    35 |     7 ||    42
       Halberd           |       |    33 |       ||    33
       Lajatang          |       |       |   268 ||   268
 Cast: Pain              |    45 |    26 |       ||    71
       Vampiric Draining |       |     2 |     2 ||     4
       Animate Dead      |       |       |     1 ||     1
  Use: Potion            |     1 |     5 |     1 ||     7
       Scroll            |       |     3 |       ||     3
 Stab: Sleeping          |     3 |       |     3 ||     6
       Distracted        |       |       |     1 ||     1
       Paralysed         |       |       |     1 ||     1
  Eat: Chunk             |     4 |     8 |     8 ||    20
       Beef jerky        |       |       |     3 ||     3
       Pizza             |       |       |     1 ||     1
